 Dungeon Crawl Stone Soup version 0.29.1-2-gbd0b4ee654 (webtiles) character file.

Game seed: 17616756921556136275

23 qeuew the Trooper (level 2, -4/36 HPs)
             Began as a Demonspawn Abyssal Knight on Nov 11, 2022.
             Was a Believer of Lugonu.
             Slain by an orc
             ... wielding a +1 flail of protection
              (6 damage)
             ... on level 2 of the Dungeon.
             The game lasted 00:01:49 (1027 turns).

qeuew the Trooper (Demonspawn Abyssal Knight)       Turns: 1027, Time: 00:01:50

Health: -4/36      AC:  6    Str: 13    XL:     2   Next: 72%
Magic:  3/4        EV: 11    Int: 11    God:    Lugonu [**....]
Gold:   43         SH:  0    Dex: 13    Spells: 1/1 levels left

rFire   . . .      SeeInvis .   a - +1 hand axe
rCold   . . .      Faith    .   (no shield)
rNeg    . . .      Spirit   .   b - +0 leather armour
rPois   .          Reflect  .   (no helmet)
rElec   .          Harm     .   e - +1 cloak
rCorr   .          Rampage  .   (no gloves)
Will    .....                   h - +0 pair of boots
Stlth   ..........              (no amulet)
HPRegen 0.12/turn               (no ring)
MPRegen 0.09/turn               (no ring)

@: berserking (expiring), very quick
A: ignite blood 1
a: Renounce Religion, Depart the Abyss, Bend Space


You were on level 2 of the Dungeon.
You worshipped Lugonu.
Lugonu was pleased with you.
You visited 1 branch of the dungeon, and saw 2 of its levels.
You visited the Abyss 1 time.

You collected 43 gold pieces.

Inventory:

Hand Weapons
 a - a +1 hand axe (weapon)
Armour
 b - a +0 leather armour (worn)
 e - a +1 cloak (worn)
 h - a +0 pair of boots (worn)
Potions
 f - a potion of brilliance


   Skills:
 + Level 3.2 Fighting
 * Level 2.2 Axes
 + Level 2.0 Armour
 + Level 1.3 Dodging
 + Level 2.7 Invocations


You had one spell level left.
You didn't know any spells.
Your spell library contained the following spells:

 Spells                   Type           Power      Damage    Failure   Level
 Gell's Gravitas          Tloc           0%         N/A       80%         3
 Teleport Other           Tloc           0%         N/A       80%         3
 Dispersal                Tloc           0%         N/A       100%        6


Dungeon Overview and Level Annotations

Branches:
Dungeon (2/15)

Altars:

Shops:
D:1 (


Innate Abilities, Weirdness & Mutations

Your demonic aura sometimes causes spilled blood to erupt in flames.


Message History

The orc hits you with a +0 flail.
* * * LOW HITPOINT WARNING * * *
You hit the orc.
The orc is lightly wounded.
You hit the orc.
You kill the orc!
Lugonu accepts your kill. The orc barely misses you.
The orc hits you with a +1 flail of protection.
* * * LOW HITPOINT WARNING * * *
You closely miss the orc.
The orc is lightly wounded.
The orc barely misses you.
Okay, then.
Space bends violently around you!
You blink.
A hobgoblin comes into view.
Found a quarterstaff.
Found 3 gold pieces.
A red film seems to cover your vision as you go berserk!
You feel yourself moving faster!
You feel mighty!
You feel a strong urge to attack something.
You hit the orc but do no damage.
The orc is lightly wounded.
You barely miss the orc.
The orc is lightly wounded.
An orc wizard comes into view. It is wielding a +0 dagger.
The orc hits you but does no damage.
You barely miss the orc.
The orc is lightly wounded.
The orc misses you.
The orc wizard gestures wildly while chanting.
The orc wizard flickers and vanishes!
Deactivating autopickup; reactivate with Ctrl-A.
You barely miss the orc.
The orc is lightly wounded.
The orc hits you but does no damage.
You hit the orc.
The orc is lightly wounded.
The orc hits you with a +1 flail of protection.
You die...

.#.g#############
...# ..)# #..# ###
#..# #.. #..#.# #.#
#..#.###.#
#####.......#
#.@o........#
#.####....))#######
...# #....>.'......
.....#
###....#######
$......# #.$..#
.......# #....#
#+####.# #....# #.#
#....# ......


You could see an orc.

Vanquished Creatures
  2 orcs (D:2)
  4 endoplasms (D:1)
  A giant cockroach (D:1)
  A hobgoblin (D:1)
  3 kobolds (D:1)
  2 quokkas (D:1)
  2 ball pythons
  2 goblins (D:1)
  A rat (D:1)
18 creatures vanquished.

Notes
Turn   | Place    | Note
-------+----------+-------------------------------------------
     0 | Abyss:1  | qeuew the Demonspawn Abyssal Knight began the quest for the
                  | Orb.
     0 | Abyss:1  | Reached XP level 1. HP: 18/18 MP: 2/2
    80 | Abyss:1  | Noticed a quasit
    95 | Abyss:1  | Noticed an ancient zyme
   109 | D:1      | Escaped the Abyss
   228 | D:1      | Reached skill level 1 in Dodging
   339 | D:1      | Found Nadu's Antique Weapon Shop.
   365 | D:1      | Reached ** piety under Lugonu
   426 | D:1      | Gained mutation: Your demonic aura sometimes causes spilled
                  | blood to erupt in flames. [demonic ancestry]
   426 | D:1      | Reached XP level 2. HP: 17/24 MP: 3/3
  1027 | D:2      | Slain by an orc

Illustrated notes

Levels and vault maps discovered:
D:1:      wander_arrival_fairy_ring, layout_basic, serial_shops,
          nicolae_shop_overgrown_old_shop
D:2:      layout_basic

Skill      XL: |  1  2 |
---------------+-------+-----
Dodging        | 1 |  1.3
Axes           | 2 |  2.2
Armour         | 2 |  2.0
Fighting       | |  3.2
Invocations    | |  2.7

Action                   || total
-------------------------++-------
Melee: Hand axe          ||    54
       Punch             ||     1
Invok: Depart the Abyss  ||     1
       Bend Space        ||     1
  Use: Scroll            ||     2
       Potion            ||     2
 Stab: Sleeping          ||     1
Armor: Leather armour    ||    18
Dodge: Dodged            ||    23
